 Dungeon Crawl Stone Soup version 0.29-a0-418-gc0181ea820 (webtiles) character file.

Game seed: 11873187468317344403

48 siradein the Ogre Mage (level 3, -3/31 HPs)
             Began as an Ogre Air Elementalist on May 18, 2022.
             Slain by an adder (4 damage)
             ... on level 2 of the Dungeon.
             The game lasted 00:09:13 (1984 turns).

siradein the Ogre Mage (Ogre Air Elementalist)      Turns: 1984, Time: 00:09:14

Health: -3/31      AC:  4    Str: 12    XL:     3   Next: 72%
Magic:  3/7        EV:  8    Int: 18    God:
Gold:   109        SH:  8    Dex:  9    Spells: 5/8 levels left

rFire   + + .      SeeInvis .   e - +0 flail
rCold   + + .      Faith    .   p - +2 shield of Resistance {rF++ rC++ Will++}
rNeg    . . .      Spirit   .   a - +0 robe
rPois   +          Reflect  .   (helmet restricted)
rElec   .          Harm     .   i - +0 cloak
rCorr   .          Rampage  .   (gloves unavailable)
Will    ++...                   (boots unavailable)
Stlth   +.........              g - amulet of the acrobat
HPRegen 0.10/turn               k - ring of poison resistance
MPRegen 0.10/turn               (no ring)

@: no status effects
A: large, unfitting armour, tough skin 1
a: no special abilities


You were on level 2 of the Dungeon.
You visited 1 branch of the dungeon, and saw 3 of its levels.

You collected 109 gold pieces.

Inventory:

Hand Weapons
 e - a +0 flail (weapon)
Missiles
 c - 3 poisoned darts
 l - a throwing net
Armour
 a - a +0 robe (worn)
 i - a +0 cloak (worn)
 p - the +2 shield of Resistance (worn) {rF++ rC++ Will++}
   (You found it on level 2 of the Dungeon)

   rF:        It greatly protects you from fire.
   rC:        It greatly protects you from cold.
   Will:      It greatly increases your willpower.
Jewellery
 g - an amulet of the acrobat (around neck)
 k - a ring of poison resistance (left hand)
Scrolls
 j - a scroll of teleportation
 m - a scroll of poison
 q - a scroll of fog
Potions
 b - a potion of magic
 h - 3 potions of haste
 n - a potion of mutation {unknown}
 o - a potion of flight {unknown}


   Skills:
 - Level 1.7 Dodging
 - Level 1.4 Stealth
 + Level 0.3 Shields
 + Level 3.2 Spellcasting
 + Level 1.9 Conjurations
 + Level 3.2 Air Magic


You had 5 spell levels left.
You knew the following spells:

 Your Spells              Type           Power      Damage    Failure   Level
a - Shock                 Conj/Air       48%        1d6       14%         1
b - Static Discharge      Conj/Air       12%        N/A       22%         2

Your spell library contained the following spells:

 Spells                   Type           Power      Damage    Failure   Level
 Swiftness                Air            14%        N/A       32%         3
 Airstrike                Air            7%         N/A       73%         4


Dungeon Overview and Level Annotations

Branches:
Dungeon (3/15)

Altars:

Shops:
D:3 (


Innate Abilities, Weirdness & Mutations

You are too large for most types of armour.
You have tough skin. (AC +1)


Message History

Unknown command.
Unknown command.
Unknown command.
Unknown command.
You barely miss the adder.
The adder is moderately wounded.
The adder bites you but does no damage. The orc hits you but does no damage.
The adder bites you.
Unknown command.
The orc hits you but does no damage. You block the adder's attack.
You climb upwards.
There is a stone staircase leading down here.
You block the adder's attack. The adder completely misses you.
You closely miss the orc.
The orc hits you with a +0 short sword. x2
You are too injured to fight recklessly!
You are too injured to fight recklessly!
You are too injured to fight recklessly!
You barely miss the orc. The orc hits you with a +0 short sword.
* * * LOW HITPOINT WARNING * * *
The orc barely misses you.
You barely miss the orc. The orc misses you.
You hit the orc.
The orc is moderately wounded.
The orc barely misses you. The orc closely misses you.
Your magical contamination has completely faded away.
You closely miss the orc.
The orc is moderately wounded.
The orc barely misses you.
You hit the orc but do no damage.
The orc is moderately wounded.
The orc hits you with a +0 short sword.
* * * LOW HITPOINT WARNING * * *
The orc barely misses you.
You hit the orc.
You kill the orc!
The adder bites you but does no damage.
You barely miss the adder.
The adder is moderately wounded.
The adder bites you.
You die...

####### #.....#
#.###.### #.# #...#
#####.#####.######
#..@S>(..........##
#)###.###.#.####..## #.#
#...............
#.###.#.#.#.#####..#
#.....#.#.#.# ##.#
#######.#.#.# #..
#....#.#.# ##.
########.####.#.#######.
#.....................##


You could see an adder.

Vanquished Creatures
  2 adders (D:2)
  2 worms
  An orc (D:2)
  A ball python (D:1)
  3 endoplasms
  3 giant cockroaches (D:1)
  3 hobgoblins (D:1)
  3 bats
  4 frilled lizards
  A kobold (D:1)
23 creatures vanquished.

Vanquished Creatures (others)
  A fungus (D:2)
1 creature vanquished.

Grand Total: 24 creatures vanquished

Notes
Turn   | Place    | Note
-------+----------+-------------------------------------------
     0 | D:1      | siradein the Ogre Air Elementalist began the quest for the
                  | Orb.
     0 | D:1      | Reached XP level 1. HP: 16/16 MP: 3/3
    91 | D:1      | Reached skill level 1 in Conjurations
   262 | D:1      | Reached XP level 2. HP: 24/24 MP: 2/5
   761 | D:1      | Learned a level 2 spell: Static Discharge
   944 | D:2      | Found a faded altar of an unknown god.
  1024 | D:2      | Found the +2 shield of Resistance {rF++ rC++ Will++}
  1122 | D:2      | Identified the +0 pair of gloves of the Evening Star {Str+5
                  | Slay-4}
  1171 | D:2      | Reached XP level 3. HP: 5/31 MP: 0/7
  1581 | D:3      | Found Okhlaaptuimm's Weapon Shoppe.
  1982 | D:2      | HP: 1/31 [orc/+0 short sword (5)]
  1984 | D:2      | Slain by an adder

Illustrated notes

Levels and vault maps discovered:
D:1:      saegor_arrival_simple_b, layout_rooms
D:2:      layout_basic, shapermc_ecumenical_altar_mp_ritualfount
D:3:      layout_rooms, nicolae_qazlal_scattered_showers, serial_shops, shop,
          shop, shop_fountains, nicolae_shop_window_shopping,
          gup_sewer_entry_pipe

Skill      XL: |  1  2 |
---------------+-------+-----
Conjurations   | 1 |  1.9
Air Magic      | 3 |  3.2
Spellcasting   | 3 |  3.2
Dodging        | |  1.7
Stealth        | |  1.4
Shields        | |  0.3

Action                   || total
-------------------------++-------
Melee: Unarmed           ||     2
       Flail             ||    34
 Cast: Shock             ||    45
       Static Discharge  ||     4
  Use: Scroll            ||     7
 Stab: Sleeping          ||     1
Armor: Robe              ||    24
Dodge: Dodged            ||    29
Block: Kite shield       ||    15

Table legend: (Time is in decaauts)
 A = Elapsed time spent in this place.
 B = Non-inter-level travel time spent in this place.
 C = Inter-level travel time spent in this place.
 D = Time resting spent in this place.
 E = Time spent auto-exploring this place.
 F = Levels seen in this place.
 G = Mean time per level.
                   A        B        C        D        E       F      G
               +--------+--------+--------+--------+--------+-----+--------+
         Total |   2003 |   1986 |     17 |    387 |   1183 |   3 |  667.7 |
       Dungeon |   2003 |   1986 |     17 |    387 |   1183 |   3 |  667.7 |
               +--------+--------+--------+--------+--------+-----+--------+

Top non-repeatable levels by time:
     D:2: 1218 daAuts
     D:1: 759 daAuts
     D:3: 25 daAuts
